3AAA
SCRANTON SUPERNOVAS @ SIOUX FALLS RED PANDAS
07/24/2021
 
TOP OF THE 1ST
Scranton Supernovas batting - Pitching for Sioux Falls Red Pandas : LHP Yusuke Chikafuji
Pitching: LHP Yusuke Chikafuji
Batting: RHB Keith MacKey 0-0: Ball
1-0: Ball
2-0: Called Strike
2-1: Foul Ball, location: 2F
2-2: Foul Ball, location: 2F
2-2: Ball
3-2: SINGLE (Line Drive, 34D)
Batting: LHB Francisco Ortega 0-0: Called Strike
0-1: Ball
1-1: Ball
2-1: Foul Ball, location: 2F
2-2: Fly out, F7 (Line Drive, 7S)
Batting: RHB Dave Morris 0-0: Swinging Strike
0-1: Called Strike
0-2: Ball
1-2: Foul Ball, location: 2F
1-2: Foul Ball, location: 2F
1-2: Ball
2-2: Ball
Keith MacKey steals 2nd base
3-2: SINGLE (Groundball, 56D)
Keith MacKey to third
Runner from 3rd tries for Home, SAFE, no throw or cutoff
Batting: SHB Jesús Cabańe 0-0: Ball
1-0: Called Strike
1-1: Ball
Dave Morris steals 2nd base
2-1: Swinging Strike
2-2: Foul Ball, location: 2F
2-2: Ball
3-2: DOUBLE (Line Drive, 9LM)
Dave Morris scores
Batting: RHB Chris Teague 0-0: Fly out, F7 (Flyball, 78M)
Batting: RHB Jesús Rodríguez 0-0: Ball
1-0: Ball
2-0: Called Strike
2-1: Called Strike
2-2: Ball
3-2: Ground out 6-3 (Groundball, 56)
Top of the 1st over - 2 run(s), 3 hit(s), 0 error(s), 1 left on base; Scranton 2 - Sioux Falls 0
BOTTOM OF THE 1ST
Sioux Falls Red Pandas batting - Pitching for Scranton Supernovas : RHP Victor Brey
Pitching: RHP Victor Brey
Batting: RHB Rubén Marino 0-0: Ground out 6-3 (Groundball, 6S)
Batting: LHB Pancho Ruíz 0-0: Ball
1-0: Foul Ball, location: 2F
1-1: Ball
2-1: Ball
3-1: Called Strike
3-2: Base on Balls
Batting: RHB Jean Chamissa 0-0: Ball
1-0: Swinging Strike
1-1: Foul Ball, location: 2F
1-2: Foul Ball, location: 2F
1-2: Ball
2-2: Grounds into double play, 1-6-3 (Groundball, 15)
Bottom of the 1st over - 0 run(s), 0 hit(s), 0 error(s), 0 left on base; Scranton 2 - Sioux Falls 0
TOP OF THE 2ND
Scranton Supernovas batting - Pitching for Sioux Falls Red Pandas : LHP Yusuke Chikafuji
Batting: LHB Cliff Aldridge 0-0: Ball
1-0: Called Strike
1-1: Fly out, F8 (Flyball, 8RXD)
Batting: RHB Jerome Wilson 0-0: Ball
1-0: Ground out 6-3 (Groundball, 6M)
Batting: RHB Josh Stafford 0-0: Ball
1-0: Foul Ball, location: 2F
1-1: Called Strike
1-2: Foul Ball, location: 2F
1-2: Ground out 6-3 (Groundball, 6)
Top of the 2nd over - 0 run(s), 0 hit(s), 0 error(s), 0 left on base; Scranton 2 - Sioux Falls 0
BOTTOM OF THE 2ND
Sioux Falls Red Pandas batting - Pitching for Scranton Supernovas : RHP Victor Brey
Batting: SHB Dan Hunt 0-0: Ball
1-0: Called Strike
1-1: Fly out, F9 (Flyball, 9LM)
Batting: LHB Markus Richardson 0-0: Ball
1-0: Foul Ball, location: 2F
1-1: Ground out 6-3 (Groundball, 56)
Batting: RHB Keith Hatch 0-0: Ball
1-0: Foul Ball, location: 2F
1-1: Ball
2-1: Swinging Strike
2-2: Foul Ball, location: 2F
2-2: Ball
3-2: Ground out 6-3 (Groundball, 6)
Bottom of the 2nd over - 0 run(s), 0 hit(s), 0 error(s), 0 left on base; Scranton 2 - Sioux Falls 0
TOP OF THE 3RD
Scranton Supernovas batting - Pitching for Sioux Falls Red Pandas : LHP Yusuke Chikafuji
Batting: RHB Keith MacKey 0-0: Called Strike
0-1: Swinging Strike
0-2: Ball
1-2: Strikes out swinging
Batting: LHB Francisco Ortega 0-0: Foul Ball, location: 2F
0-1: Ground out 1-3 (Groundball, 2R)
Batting: RHB Dave Morris 0-0: Ball
1-0: Foul Ball, location: 2F
1-1: Foul Ball, location: 2F
1-2: Ball
2-2: Foul Ball, location: 2F
2-2: SINGLE (Groundball, 56D) (infield hit)
Pitching: RHP Juan Martínez
Batting: SHB Jesús Cabańe 0-0: Ball
Dave Morris is caught stealing 2nd base
Top of the 3rd over - 0 run(s), 1 hit(s), 0 error(s), 0 left on base; Scranton 2 - Sioux Falls 0
BOTTOM OF THE 3RD
Sioux Falls Red Pandas batting - Pitching for Scranton Supernovas : RHP Victor Brey
Batting: RHB Millard Watson 0-0: Foul Ball, location: 2F
0-1: Ball
1-1: Ground out 6-3 (Groundball, 6)
Batting: LHB Sam Good 0-0: Ball
1-0: Ball
2-0: Called Strike
2-1: SINGLE (Groundball, 3D)
Batting: RHB Kazunori Ito 0-0: Ball
1-0: Ball
Wild Pitch!
Sam Good to second
2-0: Foul Ball, location: 2F
2-1: Foul Ball, location: 2F
2-2: SINGLE (Groundball, 4MD) (infield hit)
Sam Good to third
Batting: RHB Rubén Marino 0-0: Ball
1-0: Called Strike
1-1: Ball
2-1: Called Strike
2-2: Ball
3-2: Base on Balls
Kazunori Ito to second
Batting: LHB Pancho Ruíz 0-0: Called Strike
0-1: Grounds out, U3 (Groundball, 3L)
Sam Good scores
Kazunori Ito to third
Batting: RHB Jean Chamissa 0-0: Ball
1-0: Ball
2-0: Called Strike
2-1: Ball
3-1: Called Strike
3-2: Foul Ball, location: 2F
3-2: Ground out 5-3 (Groundball, 56)
Bottom of the 3rd over - 1 run(s), 2 hit(s), 0 error(s), 2 left on base; Scranton 2 - Sioux Falls 1
TOP OF THE 4TH
Scranton Supernovas batting - Pitching for Sioux Falls Red Pandas : RHP Juan Martínez
Batting: SHB Jesús Cabańe 0-0: Ball
1-0: Ball
2-0: Ball
3-0: Base on Balls
Batting: RHB Chris Teague 0-0: Ball
1-0: Called Strike
Jesús Cabańe is caught stealing 2nd base
1-1: Ball
2-1: SINGLE (Line Drive, 4M)
Batting: RHB Jesús Rodríguez 0-0: Foul Ball, location: 2F
0-1: Foul Ball, location: 2F
0-2: Fly out, F7 (Flyball, 78S)
Batting: LHB Cliff Aldridge 0-0: Ball
1-0: Swinging Strike
1-1: Called Strike
1-2: Fly out, F6 (Line Drive, 6)
Top of the 4th over - 0 run(s), 1 hit(s), 0 error(s), 1 left on base; Scranton 2 - Sioux Falls 1
BOTTOM OF THE 4TH
Sioux Falls Red Pandas batting - Pitching for Scranton Supernovas : RHP Victor Brey
Batting: SHB Dan Hunt 0-0: Ball
1-0: Ball
2-0: Ball
3-0: Called Strike
3-1: Base on Balls
Batting: LHB Markus Richardson 0-0: Called Strike
0-1: Fielders Choice at 2nd, 3-6 (Groundball, 3)
Batting: RHB Keith Hatch 0-0: Called Strike
Markus Richardson steals 2nd base
0-1: Ball
1-1: Foul Ball, location: 2F
1-2: Foul Ball, location: 2F
1-2: Strikes out swinging
Batting: RHB Millard Watson 0-0: Fly out, F8 (Flyball, 8RXD)
Bottom of the 4th over - 0 run(s), 0 hit(s), 0 error(s), 1 left on base; Scranton 2 - Sioux Falls 1
TOP OF THE 5TH
Scranton Supernovas batting - Pitching for Sioux Falls Red Pandas : RHP Juan Martínez
Batting: RHB Jerome Wilson 0-0: Ball
1-0: Foul Ball, location: 2F
1-1: Ball
2-1: Ball
3-1: Base on Balls
Batting: RHB Josh Stafford 0-0: Bunt missed!
0-1: Reached on error, E1 (Groundball, 15S)
Jerome Wilson to second
Batting: RHB Keith MacKey 0-0: Ball
1-0: Bunted foul
1-1: Sac Bunt - play at first, batter OUT! 1-4
Jerome Wilson to third
Josh Stafford to second
Batting: LHB Francisco Ortega 0-0: Ball
1-0: Fly out, F6 (Popup, 6M)
Batting: RHB Dave Morris 0-0: Ball
1-0: Foul Ball, location: 2F
1-1: Called Strike
1-2: Ball
Wild Pitch!
Jerome Wilson scores
Josh Stafford to third
2-2: Ball
3-2: Foul Ball, location: 2F
3-2: Foul Ball, location: 2F
3-2: 2-RUN HOME RUN (Line Drive, 78XD), Distance : 463 ft
Batting: SHB Jesús Cabańe 0-0: Ground out 6-3 (Groundball, 6)
Top of the 5th over - 3 run(s), 1 hit(s), 1 error(s), 0 left on base; Scranton 5 - Sioux Falls 1
BOTTOM OF THE 5TH
Sioux Falls Red Pandas batting - Pitching for Scranton Supernovas : RHP Victor Brey
Batting: LHB Sam Good 0-0: Ball
1-0: Foul Ball, location: 2F
1-1: Called Strike
1-2: Strikes out swinging
Batting: RHB Kazunori Ito 0-0: Ground out 1-3 (Groundball, 15S)
Batting: RHB Rubén Marino 0-0: Called Strike
0-1: Ball
1-1: Ball
2-1: Swinging Strike
2-2: Foul Ball, location: 2F
2-2: Foul Ball, location: 2F
2-2: Fly out, F9 (Line Drive, 89M)
Bottom of the 5th over - 0 run(s), 0 hit(s), 0 error(s), 0 left on base; Scranton 5 - Sioux Falls 1
TOP OF THE 6TH
Scranton Supernovas batting - Pitching for Sioux Falls Red Pandas : RHP Juan Martínez
Pitching: LHP Hank Downey
Batting: RHB Chris Teague 0-0: Foul Ball, location: 2F
0-1: Ball
1-1: Ball
2-1: Swinging Strike
2-2: Ball
3-2: Foul Ball, location: 2F
3-2: Strikes out swinging
Batting: RHB Jesús Rodríguez 0-0: Called Strike
0-1: Ball
1-1: Ball
2-1: Called Strike
2-2: Ball
3-2: Foul Ball, location: 2F
3-2: Foul Ball, location: 2F
3-2: Foul Ball, location: 2F
3-2: Foul Ball, location: 2F
3-2: Base on Balls
Batting: LHB Cliff Aldridge 0-0: Called Strike
0-1: Ball
Wild Pitch!
Jesús Rodríguez to second
1-1: Ball
2-1: Foul Ball, location: 2F
2-2: Foul Ball, location: 2F
2-2: Foul Ball, location: 2F
2-2: Fly out, F8 (Flyball, 8LS)
Batting: RHB Jerome Wilson 0-0: Called Strike
0-1: Ball
1-1: Swinging Strike
1-2: Fly out, F7 (Line Drive, 78S)
Top of the 6th over - 0 run(s), 0 hit(s), 0 error(s), 1 left on base; Scranton 5 - Sioux Falls 1
BOTTOM OF THE 6TH
Sioux Falls Red Pandas batting - Pitching for Scranton Supernovas : RHP Victor Brey
Batting: LHB Pancho Ruíz 0-0: Ball
1-0: Ball
2-0: Called Strike
2-1: Fly out, F9 (Line Drive, 9S)
Batting: RHB Jean Chamissa 0-0: Swinging Strike
0-1: SINGLE (Line Drive, 6M)
Batting: SHB Dan Hunt 0-0: Ball
1-0: Foul Ball, location: 2F
1-1: Foul Ball, location: 2F
1-2: Grounds into double play, 3-6-3 (Groundball, 3)
Bottom of the 6th over - 0 run(s), 1 hit(s), 0 error(s), 0 left on base; Scranton 5 - Sioux Falls 1
TOP OF THE 7TH
Scranton Supernovas batting - Pitching for Sioux Falls Red Pandas : LHP Hank Downey
Batting: RHB Josh Stafford 0-0: Called Strike
0-1: Foul Ball, location: 2F
0-2: Ball
1-2: Foul Ball, location: 2F
1-2: Ball
2-2: Ball
3-2: SINGLE (Groundball, 56)
Batting: RHB Keith MacKey 0-0: Bunted foul
0-1: Ball
1-1: Sac Bunt - play at first, batter OUT! 1-4
Josh Stafford to second
Batting: LHB Francisco Ortega 0-0: Called Strike
0-1: Foul Ball, location: 2F
0-2: Foul Ball, location: 2F
0-2: Ball
1-2: Ball
2-2: Ball
3-2: DOUBLE (Line Drive, 8LD)
Josh Stafford scores
Batting: RHB Dave Morris 0-0: Ground out 6-3 (Groundball, 6M)
Francisco Ortega to third
Batting: SHB Jesús Cabańe 0-0: Called Strike
0-1: Ball
1-1: Called Strike
1-2: Strikes out swinging
Top of the 7th over - 1 run(s), 2 hit(s), 0 error(s), 1 left on base; Scranton 6 - Sioux Falls 1
BOTTOM OF THE 7TH
Sioux Falls Red Pandas batting - Pitching for Scranton Supernovas : RHP Victor Brey
Batting: LHB Markus Richardson 0-0: Foul Ball, location: 2F
0-1: Fly out, F7 (Flyball, 7M)
Batting: RHB Keith Hatch 0-0: Foul Ball, location: 2F
0-1: Foul Ball, location: 2F
0-2: Ball
1-2: Foul Ball, location: 2F
1-2: Ball
2-2: Ball
3-2: Fly out, F7 (Flyball, 7M)
Batting: RHB Millard Watson 0-0: Ground out 6-3 (Groundball, 6)
Bottom of the 7th over - 0 run(s), 0 hit(s), 0 error(s), 0 left on base; Scranton 6 - Sioux Falls 1
TOP OF THE 8TH
Scranton Supernovas batting - Pitching for Sioux Falls Red Pandas : LHP Hank Downey
Batting: RHB Chris Teague 0-0: Foul Ball, location: 2F
0-1: Swinging Strike
0-2: Ball
1-2: Fly out, F7 (Flyball, 7S)
Pitching: LHP Jeffery Howell
Batting: RHB Jesús Rodríguez 0-0: Ball
1-0: Swinging Strike
1-1: Ball
2-1: SOLO HOME RUN (Flyball, 7LD), Distance : 392 ft
Batting: LHB Cliff Aldridge 0-0: Swinging Strike
0-1: Swinging Strike
0-2: Ball
1-2: DOUBLE (Flyball, 7D)
Batting: RHB Jerome Wilson 0-0: Ball
1-0: Fly out, F9 (Flyball, 89M)
Batting: RHB Josh Stafford 0-0: Ball
1-0: Ball
2-0: Ball
3-0: Called Strike
3-1: Foul Ball, location: 2F
3-2: Base on Balls
Batting: RHB Keith MacKey 0-0: Called Strike
0-1: Ball
1-1: Ground out 4-3 (Groundball, 4)
Top of the 8th over - 1 run(s), 2 hit(s), 0 error(s), 2 left on base; Scranton 7 - Sioux Falls 1
BOTTOM OF THE 8TH
Sioux Falls Red Pandas batting - Pitching for Scranton Supernovas : RHP Victor Brey
Now at 1B: Jason Duncan
Batting: LHB Sam Good 0-0: Ball
1-0: Ball
2-0: Fly out, F6 (Line Drive, 6)
Batting: RHB Kazunori Ito 0-0: Ball
1-0: Called Strike
1-1: Foul Ball, location: 2F
1-2: Foul Ball, location: 2F
1-2: Ground out 4-3 (Groundball, 4M)
Batting: RHB Rubén Marino 0-0: Ball
1-0: Called Strike
1-1: Ball
2-1: Fly out, F7 (Flyball, 7M)
Bottom of the 8th over - 0 run(s), 0 hit(s), 0 error(s), 0 left on base; Scranton 7 - Sioux Falls 1
TOP OF THE 9TH
Scranton Supernovas batting - Pitching for Sioux Falls Red Pandas : LHP Jeffery Howell
Batting: LHB Francisco Ortega 0-0: Called Strike
0-1: Ball
1-1: Ball
2-1: Ball
3-1: Swinging Strike
3-2: Base on Balls
Batting: RHB Dave Morris 0-0: Foul Ball, location: 2F
0-1: Swinging Strike
0-2: Ball
1-2: Grounds into double play, 5-4-3 (Groundball, 5D)
Batting: SHB Jesús Cabańe 0-0: Ball
1-0: Called Strike
1-1: Foul Ball, location: 2F
1-2: SINGLE (Line Drive, 34)
Batting: RHB Chris Teague 0-0: Ground out 5-3 (Groundball, 56)
Top of the 9th over - 0 run(s), 1 hit(s), 0 error(s), 1 left on base; Scranton 7 - Sioux Falls 1
BOTTOM OF THE 9TH
Sioux Falls Red Pandas batting - Pitching for Scranton Supernovas : RHP Victor Brey
Now at C: César Ramírez
Batting: LHB Pancho Ruíz 0-0: SINGLE (Flyball, 6D)
Batting: RHB Jean Chamissa 0-0: Called Strike
0-1: Ball
1-1: Swinging Strike
1-2: Strikes out swinging
Batting: SHB Dan Hunt 0-0: Grounds into double play, 4-6-3 (Groundball, 4)
Bottom of the 9th over - 0 run(s), 1 hit(s), 0 error(s), 0 left on base; Scranton 7 - Sioux Falls 1
This league is powered by Out of the Park Baseball, the baseball management simulation game for PC, Mac and Linux
Friday, January 22nd, 2016 - OOTP Baseball 16.9 Build 39